 Dungeon Crawl Stone Soup version 0.22-a0-429-g97ce8ef (webtiles) character file.

132 Gorglomux the Ducker (level 4, -16/25 HPs)
             Began as a Spriggan Berserker on May 25, 2018.
             Was an Initiate of Elyvilon.
             Killed by the fiery rage of Trog (37 damage)
             ... on level 4 of the Dungeon.
             The game lasted 00:05:31 (4339 turns).

Gorglomux the Ducker (Spriggan Berserker)           Turns: 4339, Time: 00:05:31

Health: -16/25     AC:  2    Str: 13 (14) XL:     4   Next: 92%
Magic:  5/5        EV: 19    Int:  8      God:    Elyvilon [......]
Gold:   181        SH:  0    Dex: 15      Spells: 3/3 levels left

rFire    . . .     SeeInvis +   j - +0 dagger (venom)
rCold    + . .     Gourm    .   (shield restricted)
rNeg     . . .     Faith    .   b - +0 animal skin
rPois    .         Spirit   .   (helmet restricted)
rElec    .         Reflect  .   (no cloak)
rCorr    .         Harm     .   (gloves unavailable)
MR       .....                  (boots unavailable)
Stlth    +++.......             (no amulet)
HPRegen  0.08/turn              c - ring of protection from cold (curse)
MPRegen  0.09/turn              (no ring)

@: lethally poisoned (-16 -> -18), very quick
A: very small, unfitting armour, see invisible, herbivore, speed 3, slow
metabolism 2
a: Renounce Religion


You were on level 4 of the Dungeon.
You worshipped Elyvilon.
Elyvilon was noncommittal.
You were not hungry.

You visited 1 branch of the dungeon, and saw 4 of its levels.

You collected 181 gold pieces.

Inventory:

Hand Weapons
 a - a +0 short sword
 j - a +0 dagger of venom (weapon)
 M - a +0 dagger of draining
Missiles
 Z - 2 throwing nets (quivered)
Armour
 b - a +0 animal skin (worn)
Jewellery
 c - a cursed ring of protection from cold (left hand)
Wands
 I - a wand of iceblast (5)
Scrolls
 k - 2 scrolls of amnesia {unknown}
 l - 4 scrolls of magic mapping {unknown}
 B - 2 scrolls of blinking
 K - a scroll of identify {unknown}
 L - a scroll of enchant weapon {unknown}
 Y - 2 scrolls of remove curse {unknown}
Potions
 d - a potion of heal wounds {unknown}
 e - a potion of lignification
 f - a potion of magic {unknown}
 h - a potion of cancellation
 i - 4 potions of curing {unknown}
 m - a potion of brilliance {unknown}
Comestibles
 g - 4 rations


   Skills:
 + Level 4.0 Fighting
 - Level 3.2 Short Blades
 - Level 4.4 Dodging
 - Level 4.2 Stealth


You had 3 spell levels left.
You didn't know any spells.
Your spell library was empty.

Dungeon Overview and Level Annotations

Branches:
Dungeon (4/15)
 Temple: D:4-7

Altars:
Ashenzari
Cheibriados
Elyvilon
Uskayaw
Vehumet


Innate Abilities, Weirdness & Mutations

You are very small and have problems with some larger weapons.
You are too small for most types of armour.
You have supernaturally acute eyesight. (SInv)
You are a herbivore.
You cover ground extremely quickly.
You need to consume almost no food.


Message History

You are poisoned!
The adder poisons you!!!
An adder is nearby!!!
You closely miss the adder!
The adder is heavily wounded!
You feel sick! The adder bites you but does no damage!
You spit the butt like a pig!
The adder is poisoned!
The adder is severely wounded!
The adder misses you!
You spit the adder like a pig!
You annihilate the adder!!!
Your Fighting skill increases to level 4!!!
You feel butt!
You feel sick!
You feel sick!
You feel Trog's butt rage upon you!!!
There is a sudden and violent explosion of flames!!!
The fireball engulfs you!!!
DANG rip

### ###########.. ..#
#.........#.# #.#
#.#######.#.#
..##########.# #####.#.##
........##.#.###........#
..###...................##
..# #.#..................#
..#
#.#.#...#............##.#
.##
#.#..(......@...........#
.#
#.###..##.......#.<.#####
.# #......##.......##.##
.#########'##......[##.#
...(..###...##########.#
.####.##.....## ###.# ..#
#.#.......## ##.#.#
..###..........####....##
..)...#.#......'....<...#


There were no monsters in sight!

Vanquished Creatures
  A black bear (D:2)
  Robin (D:2)
  4 adders
  A howler monkey skeleton (D:4)
  2 worms
  3 leopard geckos (D:2)
  5 orcs
  2 ball pythons
  12 bats
  A giant cockroach (D:1)
  11 goblins
  8 hobgoblins
  2 frilled lizards (D:3)
  5 kobolds
  4 rats
62 creatures vanquished.

Notes
Turn   | Place    | Note
-------+----------+-------------------------------------------
     0 | D:1      | Gorglomux the Spriggan Berserker began the quest for the Orb.
     0 | D:1      | Reached XP level 1. HP: 11/11 MP: 2/2
    34 | D:1      | Reached skill level 1 in Stealth
    90 | D:1      | Fell from the grace of Trog
   111 | D:1      | Reached XP level 2. HP: 16/16 MP: 3/3
   117 | D:1      | Reached skill level 3 in Stealth
   685 | D:1      | Noticed a black bear
   685 | D:1      | Noticed a polar bear
   685 | D:1      | Noticed a polar bear
   786 | D:2      | Reached XP level 3. HP: 19/19 MP: 4/4
   860 | D:2      | Noticed a polar bear
   860 | D:2      | Noticed a polar bear
   860 | D:2      | Noticed a black bear
   860 | D:2      | Noticed a black bear
  1232 | D:2      | Noticed Robin
  1318 | D:2      | Killed Robin
  1318 | D:2      | Reached skill level 3 in Fighting
  2414 | D:2      | Reached XP level 4. HP: 24/24 MP: 5/5
  2679 | D:2      | Killed a black bear
  3598 | D:3      | Found a radiant altar of Vehumet.
  3598 | D:3      | Found a snail-covered altar of Cheibriados.
  3602 | D:3      | Found a hide-covered altar of Uskayaw.
  3602 | D:3      | Found a shattered altar of Ashenzari.
  3602 | D:3      | Found a white marble altar of Elyvilon.
  3617 | D:3      | Became a worshipper of Elyvilon the Healer
  4339 | D:4      | Killed by the fiery rage of Trog

Vault maps used:
D:1:      saegor_arrival_simple_a, serial_forest, infiniplex_forest_lined_3,
          infiniplex_forest_end_2, infiniplex_forest_corner_1,
          infiniplex_forest_corner_1, infiniplex_forest_lined_3,
          infiniplex_forest_lined_room_2, hangedman_decor_push
D:2:      uniq_robin
D:3:      grunt_temple_overflow_open, first_ration
D:4:      kennysheep_spiral_hall, grunt_temple_overflow_bloody_war,
          grunt_decor_cap

Skill      XL: |  1  2  3  4 |
---------------+-------------+-----
Stealth        | 2 4 |  4.2
Fighting       | 3 4 |  4.0
Short Blades   | |  3.2
Dodging        | |  4.4

Action                   |  1- 3 |  4- 6 || total
-------------------------+-------+-------++-------
Melee: Short sword       |    31 |       ||    31
       Dagger            |    77 |    62 ||   139
Invok: Renounce Religion |     1 |       ||     1
  Use: Potion            |     2 |       ||     2
       Scroll            |       |     1 ||     1
 Stab: Sleeping          |     6 |     4 ||    10
       Distracted        |     1 |       ||     1
  Eat: Ration            |       |     1 ||     1
Armor: Animal skin       |    12 |    10 ||    22
Dodge: Dodged            |    90 |    40 ||   130

Table legend:
 A = Spawn XP
 B = Non-spawn XP
 C = Spawn XP percentage of total XP
 D = Spawn monster count
 E = Non-spawn monster count
 F = Spawn count percentage of total count
 G = Total turns spent on level
                    A         B        C        D         E        F      G
               +---------+---------+-------+---------+---------+-------+---------
         Total |       0 |     189 |   0.0 |       0 |      61 |   0.0 |  4339
               +---------+---------+-------+---------+---------+-------+---------
           D:1 |       0 |      36 |   0.0 |       0 |      20 |   0.0 |  1108
           D:2 |       0 |      76 |   0.0 |       0 |      20 |   0.0 |  1851
           D:3 |       0 |      46 |   0.0 |       0 |      17 |   0.0 |   930
           D:4 |       0 |      31 |   0.0 |       0 |       4 |   0.0 |   450
               +---------+---------+-------+---------+---------+-------+---------
